 Dungeon Crawl Stone Soup version 0.21.1-1-g345015f (webtiles) character file.

51140 xccam the Protected (level 14, -17/109 HPs)
             Began as a Gnoll Wanderer on Mar 2, 2018.
             Was a High Priest of the Shining One.
             Killed from afar by a necromancer (26 damage)
             ... with a bolt of fire
             ... in an ice cave.
             The game lasted 00:53:14 (21082 turns).

xccam the Protected (Gnoll Wanderer)               Turns: 21082, Time: 00:53:15

Health: -17/109    AC: 25    Str: 23    XL:     14   Next: 58%
Magic:  35/35      EV: 12    Int: 17    God:    the Shining One [*****.]
Gold:   810        SH:  0    Dex: 15    Spells: 30/30 levels left

rFire    . . .     SeeInvis +   y - +0 rapier
rCold    . . .     Gourm    .   (no shield)
rNeg     + + .     Faith    .   i - +1 plate armour of Charity {rCorr MP+9}
rPois    .         Spirit   .   r - +2 helmet {Int+3}
rElec    .         Reflect  .   (no cloak)
rCorr    +         Harm     .   n - +2 pair of gloves
MR       ++...                  m - +1 pair of boots
Stlth    ..........             l - amulet of rage
HPRegen  0.28/turn              E - ring "Gozoch" {SInv Stlth-}
MPRegen  0.24/turn              e - ring "Geana" {+Blink MR+ Str+3}

@: berserk cooldown, slowed, glowing, very slow
A: distributed training, fangs 1, see invisible, clumsy 1, strong 1, strong nose
a: Divine Shield, Cleansing Flame, Summon Divine Warrior, Renounce Religion,
Evoke Blink, Evoke Berserk Rage


You were in an ice cave.
You worshipped the Shining One.
The Shining One was extremely pleased with you.
You were not hungry.

You visited 3 branches of the dungeon, and saw 15 of its levels.
You also visited: Bailey and Ice Cave.

You collected 810 gold pieces.

Inventory:

Hand Weapons
 s - a +1 vampiric whip
 y - a +0 rapier (weapon)
 F - a +2 dagger
 J - the +10 halberd "Tueho" {drain, rF+ MR+ Str-4}
   (You found it on level 8 of the Dungeon)

   A truly terrible weapon, it drains the life of those it strikes.
   It affects your strength (-4).
   It protects you from fire.
   It affects your resistance to hostile enchantments.
   The Shining One disapproves of the use of such an item.
Missiles
 o - 230 stones (quivered)
Armour
 h - a +0 plate armour
 i - the +1 plate armour of Charity (worn) {rCorr MP+9}
   (You found it on level 4 of the Dungeon)

   It affects your magic capacity (+9).
   It protects you from acid and corrosion.
 m - a +1 pair of boots (worn)
 n - a +2 pair of gloves (worn)
 r - a +2 helmet of intelligence (worn)
 A - the +3 hat of Pondering {ponderous, MR+ MP+10 Int+5}
   (You took it off Gastronok on level 11 of the Dungeon)

   It affects your intelligence (+5).
   It affects your resistance to hostile enchantments.
   It affects your magic capacity (+10).
Jewellery
 e - the ring "Geana" (right hand) {+Blink MR+ Str+3}
   (You found it on level 3 of the Lair of Beasts)

   [ring of protection from magic]

   It affects your strength (+3).
   It affects your resistance to hostile enchantments.
   It lets you blink.
 l - an amulet of rage (around neck)
 E - the ring "Gozoch" (left hand) {SInv Stlth-}
   (You found it on level 1 of the Lair of Beasts)

   [ring of loudness]

   It lets you see invisible.
   It makes you less stealthy.
Wands
 t - a wand of polymorph (2)
 C - a wand of digging (8)
Scrolls
 b - a scroll of blinking
 c - a scroll of teleportation
 d - 2 scrolls of enchant weapon
 g - 3 scrolls of amnesia
 k - 11 scrolls of identify
 z - 4 scrolls of fog
 B - 2 scrolls of remove curse
 D - a scroll of enchant armour
Potions
 j - a potion of magic
 p - a potion of mutation
 q - 2 potions of curing
 u - 3 potions of haste
 v - a potion of resistance
 x - 4 potions of brilliance
 G - 2 potions of invisibility
 M - 2 potions of berserk rage
Books
 a - a book of Misfortune

   Spells                             Type                      Level
   a - Confusing Touch                Hexes                        1
   b - Confuse                        Hexes                        3
   c - Gell's Gravitas                Translocation                3
   d - Petrify                        Transmutation/Earth          4
   e - Metabolic Englaciation         Hexes/Ice                    5
   f - Yara's Violent Unravelling     Hexes/Transmutation          5
 w - a book of Annihilations

   Spells                             Type                      Level
   a - Poison Arrow                   Conjuration/Poison           6
   b - Chain Lightning                Conjuration/Air              8
   c - Lehudib's Crystal Spear        Conjuration/Earth            8
   d - Glaciate                       Conjuration/Ice              9
   e - Fire Storm                     Conjuration/Fire             9
Comestibles
 f - 13 rations


   Skills:
 + Level 9.9 Fighting
 + Level 10.8 Short Blades
 + Level 8.8 Long Blades
 + Level 8.8 Axes
 + Level 8.8 Maces & Flails
 + Level 8.8 Polearms
 + Level 8.8 Staves
 + Level 8.8 Slings
 + Level 8.8 Bows
 + Level 8.8 Crossbows
 + Level 8.8 Throwing
 + Level 10.8 Armour
 + Level 8.8 Dodging
 + Level 9.1 Stealth
 + Level 9.2 Shields
 + Level 8.8 Unarmed Combat
 + Level 8.8 Spellcasting
 + Level 7.3 Conjurations
 + Level 7.3 Hexes
 + Level 7.3 Charms
 + Level 7.3 Summonings
 + Level 7.3 Necromancy
 + Level 7.3 Translocations
 + Level 7.3 Transmutations
 + Level 7.3 Fire Magic
 + Level 7.3 Ice Magic
 + Level 7.3 Air Magic
 + Level 7.3 Earth Magic
 + Level 7.3 Poison Magic
 + Level 9.6 Invocations
 + Level 8.8 Evocations


You had 30 spell levels left.
You didn't know any spells.

Dungeon Overview and Level Annotations

Branches:
Dungeon (11/15)            Temple (1/1) D:5            Lair (3/6) D:9
 Spider (0/4) Lair:2          Orc (0/2) D:10
  Swamp: Lair:2-4    Shoals: Lair:2-4

Altars:
Ashenzari
Cheibriados
Dithmenos
Elyvilon
Fedhas
Gozag
Hepliaklqana
Kikubaaqudgha
Makhleb
Nemelex Xobeh
Okawaru
Qazlal
Ru
Sif Muna
Trog
Uskayaw
Vehumet
Wu Jian
Xom
Yredelemnul
Zin
The Shining One

Shops:
D:11 *

Annotations:
IceCv exclusion: 2 ice statues


Innate Abilities, Weirdness & Mutations

Your experience applies equally to all skills.
You have very sharp teeth.
Your uncanny sense of smell can sniff out nearby items.
You have supernaturally acute eyesight. (SInv)
You are clumsy. (Dex -2)
Your muscles are strong. (Str +2)


Message History

You feel better.
The necromancer hits you but does no damage.
You are electrocuted!
* * * LOW HITPOINT WARNING * * *
You closely miss the necromancer. Your bite misses the necromancer.
The necromancer is severely wounded.
The necromancer points at you and mumbles some strange words.
The bolt of fire misses you.
You closely miss the necromancer.
The necromancer is severely wounded.
The necromancer casts a spell at you. The bolt of fire hits you!
The necromancer barely misses you.
You puncture the necromancer!
The necromancer is almost dead.
You closely miss the necromancer.
The necromancer is almost dead.
The necromancer barely misses you. The necromancer casts a spell at you.
The bolt of fire hits you!
You die...

### ####.####
#.......#
#.##@##.#
#)p)#.# #?⌠.#.#
## #).!#.##
###8.#####.8####
...Y...........#
######'######+#
#.'.......+
###.8...8.#


You could see a necromancer (invisible).

Vanquished Creatures
  Gastronok (D:11)
  An azure jelly (Lair:2)
  A hydra (Lair:1)
  Harold (Lair:1)
  A queen ant (Lair:2)
  A two-headed ogre (D:8)
  The ghost of buskinjo2 the Basher, a novice OpFi of Gozag (D:9)
  Nergalle (Lair:1)
  2 unseen horrors
  3 orc knights (Bailey)
  A cyclops (D:11)
  A manticore (D:11)
  2 ice statues (IceCv)
  7 spiny frogs
  5 komodo dragons
  3 ice devils (IceCv)
  The ghost of Serooblart the Skirmisher, an amateur MiBe of Trog (D:4)
  A queen bee (D:11)
  3 jumping spiders (Lair:2)
  4 trolls
  A hornet (D:11)
  2 hippogriffs
  12 blink frogs
  A vampire (D:9)
  2 redbacks (Lair:2)
  21 yaks
  2 hungry ghosts
  20 soldier ants (Lair:2)
  3 water moccasins
  3 porcupines
  12 orc warriors
  2 ice beasts
  A hornet zombie (D:8)
  2 sky beasts
  A black bear (D:11)
  5 necrophages (D:6)
  5 phantoms
  5 ogres
  7 wolves
  4 centaurs
  7 crocodiles
  A big kobold (D:8)
  6 bullfrogs
  2 wyvern skeletons
  5 scorpions
  16 killer bees (D:11)
  5 wights
  A howler monkey (D:4)
  7 crimson imps
  A centaur zombie (D:6)
  A quasit (D:9)
  9 orc priests
  A bullfrog skeleton (D:10)
  2 centaur skeletons
  4 jellies
  9 orc wizards
  3 iguanas
  Ijyb (D:4)
  A spriggan simulacrum (IceCv)
  23 worker ants
  2 centaur simulacra (IceCv)
  A hound zombie (D:8)
  The ghost of letownia2 the Conjurer, a weakling TeWz (D:3)
  A worker ant zombie (D:6)
  13 adders
  3 gnolls (D:3)
  3 naga simulacra (IceCv)
  3 shadow imps
  12 white imps (Lair:3)
  2 oozes
  2 adder zombies
  3 worms
  5 dart slugs
  5 leopard geckos
  63 orcs
  13 bats
  10 giant cockroaches
  2 gnoll zombies (D:2)
  5 goblins
  10 hobgoblins
  4 quokkas
  3 ball pythons
  7 frilled lizards
  12 kobolds
  A leopard gecko skeleton (D:8)
  A leopard gecko zombie (D:5)
  7 rats
451 creatures vanquished.

Vanquished Creatures (others)
  2 bushes (D:6)
  2 fungi
  12 plants
16 creatures vanquished.

Grand Total: 467 creatures vanquished

Notes
Turn   | Place    | Note
-------+----------+-------------------------------------------
     0 | D:1      | xccam the Gnoll Wanderer began the quest for the Orb.
     0 | D:1      | xccam set off with: a +2 short sword, a +0 mace, a potion of lignification, a +0 robe, a ration
     0 | D:1      | Reached XP level 1. HP: 20/20 MP: 1/1
    95 | D:1      | Reached XP level 2. HP: 20/26 MP: 2/2
   493 | D:1      | Reached XP level 3. HP: 30/31 MP: 3/3
   690 | D:1      | You fall through a shaft!
   768 | D:2      | Reached skill level 1 in Invocations
   815 | D:2      | Reached skill level 1 in Long Blades
   815 | D:2      | Reached skill level 1 in Axes
   815 | D:2      | Reached skill level 1 in Maces & Flails
   815 | D:2      | Reached skill level 1 in Polearms
   815 | D:2      | Reached skill level 1 in Staves
   815 | D:2      | Reached skill level 1 in Slings
   815 | D:2      | Reached skill level 1 in Bows
   815 | D:2      | Reached skill level 1 in Crossbows
   815 | D:2      | Reached skill level 1 in Throwing
   815 | D:2      | Reached skill level 1 in Dodging
   815 | D:2      | Reached skill level 1 in Unarmed Combat
   815 | D:2      | Reached skill level 1 in Spellcasting
   815 | D:2      | Reached skill level 1 in Evocations
   815 | D:2      | Reached XP level 4. HP: 36/38 MP: 5/5
   824 | D:2      | Found a snail-covered altar of Cheibriados.
  1177 | D:2      | Reached skill level 1 in Conjurations
  1177 | D:2      | Reached skill level 1 in Hexes
  1177 | D:2      | Reached skill level 1 in Charms
  1177 | D:2      | Reached skill level 1 in Summonings
  1177 | D:2      | Reached skill level 1 in Necromancy
  1177 | D:2      | Reached skill level 1 in Translocations
  1177 | D:2      | Reached skill level 1 in Transmutations
  1177 | D:2      | Reached skill level 1 in Fire Magic
  1177 | D:2      | Reached skill level 1 in Ice Magic
  1177 | D:2      | Reached skill level 1 in Air Magic
  1177 | D:2      | Reached skill level 1 in Earth Magic
  1177 | D:2      | Reached skill level 1 in Poison Magic
  1178 | D:2      | Found a basalt altar of Yredelemnul.
  1405 | D:2      | Reached XP level 5. HP: 43/43 MP: 6/6
  1726 | D:3      | Noticed letownia2's ghost (weakling TeWz)
  1738 | D:3      | Killed letownia2's ghost
  1894 | D:3      | Reached XP level 6. HP: 44/50 MP: 8/8
  2047 | D:3      | Reached skill level 5 in Fighting
  2486 | D:4      | Got a twisted plate armour
  2498 | D:4      | Identified the +1 plate armour of Charity {rCorr MP+9} (You found it on level 4 of the Dungeon)
  2532 | D:4      | Reached XP level 7. HP: 55/56 MP: 10/10
  2615 | D:4      | Noticed Ijyb
  2615 | D:4      | Paralysed by Ijyb for 3 turns
  2629 | D:4      | Paralysed by Ijyb for 3 turns
  2641 | D:4      | Killed Ijyb
  3319 | D:4      | Noticed Serooblart's ghost (amateur MiBe)
  3364 | D:4      | Killed Serooblart's ghost
  3364 | D:4      | Reached XP level 8. HP: 63/63 MP: 12/12
  3437 | D:5      | Entered Level 5 of the Dungeon
  3507 | D:5      | Found a staircase to the Ecumenical Temple.
  3514 | Temple   | Entered the Ecumenical Temple
  3628 | Temple   | Became a worshipper of the Shining One
  3717 | D:5      | Found a glowing golden altar of the Shining One.
  5186 | D:6      | Gained mutation: You have supernaturally acute eyesight. (SInv) [potion of mutation]
  5186 | D:6      | Gained mutation: You are clumsy. (Dex -2) [potion of mutation]
  5186 | D:6      | Gained mutation: Your muscles are strong. (Str +2) [potion of mutation]
  5288 | D:6      | Reached XP level 9. HP: 62/69 MP: 14/14
  5331 | D:6      | Found a white marble altar of Elyvilon.
  5367 | D:6      | Found a shimmering altar of Xom.
  5441 | D:6      | Found a blossoming altar of Fedhas.
  5975 | D:6      | Reached * piety under the Shining One
  6128 | D:6      | Reached skill level 5 in Shields
  6378 | D:7      | Reached skill level 5 in Stealth
  6878 | D:7      | Found a sparkling altar of Nemelex Xobeh.
  7439 | D:8      | Reached skill level 5 in Invocations
  7611 | D:8      | Found a flagged portal.
  7615 | D:8      | Got a twisted halberd
  7616 | D:8      | Identified the +10 halberd "Tueho" {drain, rF+ MR+ Str-4} (You found it on level 8 of the Dungeon)
  7619 | Bailey   | Entered a bailey
  7742 | Bailey   | Reached XP level 10. HP: 76/76 MP: 17/17
  8035 | Bailey   | Noticed an orc knight
  8048 | Bailey   | Killed an orc knight
  8048 | Bailey   | Reached skill level 5 in Long Blades
  8048 | Bailey   | Reached skill level 5 in Axes
  8048 | Bailey   | Reached skill level 5 in Maces & Flails
  8048 | Bailey   | Reached skill level 5 in Polearms
  8048 | Bailey   | Reached skill level 5 in Staves
  8048 | Bailey   | Reached skill level 5 in Slings
  8048 | Bailey   | Reached skill level 5 in Bows
  8048 | Bailey   | Reached skill level 5 in Crossbows
  8048 | Bailey   | Reached skill level 5 in Throwing
  8048 | Bailey   | Reached skill level 5 in Dodging
  8048 | Bailey   | Reached skill level 5 in Unarmed Combat
  8048 | Bailey   | Reached skill level 5 in Spellcasting
  8048 | Bailey   | Reached skill level 5 in Evocations
  8195 | Bailey   | Noticed an orc knight
  8195 | Bailey   | Noticed an orc knight
  8198 | Bailey   | Killed an orc knight
  8201 | Bailey   | Noticed an orc knight
  8210 | Bailey   | Killed an orc knight
  8217 | Bailey   | Noticed an orc knight
  8217 | Bailey   | Reached ** piety under the Shining One
  8698 | D:8      | Noticed a two-headed ogre
  8713 | D:8      | Killed a two-headed ogre
  8876 | D:8      | Found an opulent altar of Gozag.
  9173 | D:8      | Found a deep blue altar of Sif Muna.
  9426 | D:9      | Reached XP level 11. HP: 74/84 MP: 19/19
  9448 | D:9      | Found a sacrificial altar of Ru.
  9687 | D:9      | Noticed buskinjo2's ghost (novice OpFi)
  9718 | D:9      | Killed buskinjo2's ghost
  9728 | D:9      | Paralysed by fainting for 6 turns
 10029 | D:9      | Found a staircase to the Lair.
 10843 | D:9      | Reached *** piety under the Shining One
 10859 | D:9      | Reached skill level 5 in Conjurations
 10859 | D:9      | Reached skill level 5 in Hexes
 10859 | D:9      | Reached skill level 5 in Charms
 10859 | D:9      | Reached skill level 5 in Summonings
 10859 | D:9      | Reached skill level 5 in Necromancy
 10859 | D:9      | Reached skill level 5 in Translocations
 10859 | D:9      | Reached skill level 5 in Transmutations
 10859 | D:9      | Reached skill level 5 in Fire Magic
 10859 | D:9      | Reached skill level 5 in Ice Magic
 10859 | D:9      | Reached skill level 5 in Air Magic
 10859 | D:9      | Reached skill level 5 in Earth Magic
 10859 | D:9      | Reached skill level 5 in Poison Magic
 11050 | D:10     | Entered Level 10 of the Dungeon
 11071 | D:10     | Noticed an unseen horror
 11083 | D:10     | Killed an unseen horror
 12103 | D:10     | Found a staircase to the Orcish Mines.
 12248 | D:11     | Found Zaxos's Assorted Antiques.
 12578 | D:11     | Noticed a manticore
 12600 | D:11     | Killed a manticore
 12786 | D:11     | Noticed a cyclops
 12810 | D:11     | Killed a cyclops
 13086 | D:11     | Reached **** piety under the Shining One
 13354 | D:11     | Reached XP level 12. HP: 74/93 MP: 22/22
 13432 | D:11     | Paralysed by a hornet for 1 turns
 13654 | D:11     | Noticed Gastronok
 13696 | D:11     | Killed Gastronok
 14225 | Lair:1   | Entered Level 1 of the Lair of Beasts
 14296 | Lair:1   | Noticed Harold
 14323 | Lair:1   | Killed Harold
 14609 | Lair:1   | Noticed a six-headed hydra
 14644 | Lair:1   | Killed a six-headed hydra
 15061 | Lair:1   | Got a twitching bronze ring
 15062 | Lair:1   | Identified the ring "Gozoch" {SInv Stlth-} (You found it on level 1 of the Lair of Beasts)
 15861 | Lair:1   | Noticed Nergalle
 15904 | Lair:1   | Killed Nergalle
 15904 | Lair:1   | Reached skill level 10 in Short Blades
 15904 | Lair:1   | Reached skill level 10 in Armour
 16843 | Lair:2   | Noticed a seven-headed hydra
 16846 | Lair:2   | Noticed an azure jelly
 16846 | Lair:2   | a seven-headed hydra changed into an azure jelly
 16858 | Lair:2   | The Shining One protects you from harm!
 16877 | Lair:2   | Killed an azure jelly
 16877 | Lair:2   | Reached XP level 13. HP: 25/101 MP: 24/24
 18143 | Lair:2   | Found a hole to the Spider Nest.
 18740 | Lair:2   | Reached XP level 14. HP: 47/108 MP: 24/26
 20194 | Lair:3   | Found a frozen archway.
 20356 | Lair:3   | Got a crude bronze ring
 20357 | Lair:3   | Identified the ring "Geana" {+Blink MR+ Str+3} (You found it on level 3 of the Lair of Beasts)
 20371 | IceCv    | Entered an ice cave
 20795 | IceCv    | Reached ***** piety under the Shining One
 21082 | IceCv    | Killed from afar by a necromancer

Skill      XL: |  1  2  3  4  5  6  7  8  9 10 11 12 13 14 |
---------------+-------------------------------------------+-----
Invocations    | 1 2 3 4 5 6 7 8 9 |  9.6
Long Blades    | 1 2 3 4 5 6 7 8 |  8.8
Axes           | 1 2 3 4 5 6 7 8 |  8.8
Maces & Flails | 1 2 3 4 5 6 7 8 |  8.8
Polearms       | 1 2 3 4 5 6 7 8 |  8.8
Staves         | 1 2 3 4 5 6 7 8 |  8.8
Slings         | 1 2 3 4 5 6 7 8 |  8.8
Bows           | 1 2 3 4 5 6 7 8 |  8.8
Crossbows      | 1 2 3 4 5 6 7 8 |  8.8
Throwing       | 1 2 3 4 5 6 7 8 |  8.8
Dodging        | 1 2 3 4 5 6 7 8 |  8.8
Unarmed Combat | 1 2 3 4 5 6 7 8 |  8.8
Spellcasting   | 1 2 3 4 5 6 7 8 |  8.8
Evocations     | 1 2 3 4 5 6 7 8 |  8.8
Conjurations   | 1 2 3 4 5 6 7 |  7.3
Hexes          | 1 2 3 4 5 6 7 |  7.3
Charms         | 1 2 3 4 5 6 7 |  7.3
Summonings     | 1 2 3 4 5 6 7 |  7.3
Necromancy     | 1 2 3 4 5 6 7 |  7.3
Translocations | 1 2 3 4 5 6 7 |  7.3
Transmutations | 1 2 3 4 5 6 7 |  7.3
Fire Magic     | 1 2 3 4 5 6 7 |  7.3
Ice Magic      | 1 2 3 4 5 6 7 |  7.3
Air Magic      | 1 2 3 4 5 6 7 |  7.3
Earth Magic    | 1 2 3 4 5 6 7 |  7.3
Poison Magic   | 1 2 3 4 5 6 7 |  7.3
Shields        | 3 4 5 6 7 8 9 |  9.2
Stealth        | 3 4 5 6 7 8 9 |  9.1
Fighting       | 5 6 7 8 9 |  9.9
Short Blades   | 7 8 9 10 | 10.8
Armour         | 7 8 9 10 | 10.8

Action                   |  1- 3 |  4- 6 |  7- 9 | 10-12 | 13-15 || total
-------------------------+-------+-------+-------+-------+-------++-------
Melee: Short sword       |    71 |   220 |   233 |       |       ||   524
       Bite              |     4 |    23 |    66 |   144 |   128 ||   365
       Punch             |       |     2 |     3 |    30 |    44 ||    79
       Rapier            |       |       |   258 |  1076 |   790 ||  2124
Throw: Stone             |       |       |    28 |    66 |    33 ||   127
Invok: Divine Shield     |       |       |       |     5 |     1 ||     6
       Cleansing Flame   |       |       |       |     2 |     2 ||     4
 Abil: Evoke Berserk Rag |       |     1 |     6 |    10 |     5 ||    22
Evoke: Wand              |       |       |     1 |    24 |       ||    25
  Use: Scroll            |       |     9 |     3 |     9 |     5 ||    26
       Potion            |       |     7 |     1 |    13 |     6 ||    27
 Stab: Sleeping          |     6 |     3 |       |       |       ||     9
  Eat: Chunk             |       |     6 |    11 |    18 |     6 ||    41
       Ration            |       |       |     4 |     8 |     4 ||    16
Armor: Robe              |    12 |       |       |       |       ||    12
       Leather armour    |     7 |    18 |       |       |       ||    25
       Ring mail         |       |    43 |       |       |       ||    43
       Plate armour      |       |    54 |   204 |   750 |   301 ||  1309
       Skin              |       |       |       |       |    27 ||    27
Dodge: Dodged            |    32 |   100 |   161 |   562 |   226 ||  1081
Block: Other             |       |       |       |    45 |    11 ||    56
